 Dungeon Crawl Stone Soup version 0.27-a0-1529-g1e82c303ef (webtiles) character file.

Game seed: 5589614478818452577

4 dickylongcocking the Insei (level 1, -1/18 HPs)
             Began as a Djinni Wanderer on July 11, 2021.
             Slain by a jackal (3 damage)
             ... on level 1 of the Dungeon.
             The game lasted 00:00:46 (535 turns).

dickylongcocking the Insei (Djinni Wanderer)         Turns: 535, Time: 00:00:47

Health: -1/18      AC:  2    Str:  8    XL:     1   Next: 66%
Gold:   26         EV: 11    Int: 15    God:
                   SH:  0    Dex: 13

rFire    + + .     SeeInvis .   a - +0 dagger
rCold    x . .     Faith    .   (no shield)
rNeg     . . .     Spirit   .   b - +0 robe
rPois    ∞         Reflect  .   (helmet currently unavailable)
rElec    .         Harm     .   (no cloak)
rCorr    .         Rampage  .   (no gloves)
Will     .....                  (boots unavailable)
Stlth    +.........             (no amulet)
HPRegen  0.06/turn              (no ring)
MPRegen  0.00/turn              (no ring)

@: appendages (expiring), flying, very slightly contaminated
A: horns 2, flying, sickness immunity, fire resistance 2, cold vulnerability 1,
float, innate caster, hp casting, extra vitality 1
a: End Transformation


You were on level 1 of the Dungeon.
You had temporarily grown beastly horns.
You visited 1 branch of the dungeon, and saw 1 of its levels.

You collected 26 gold pieces.

Inventory:

Hand Weapons
 a - a +0 dagger (weapon)
 c - a +0 spear
Armour
 b - a +0 robe (worn)


   Skills:
 * Level 2.0 Fighting
 - Level 1.0 Throwing
 - Level 3.2 Unarmed Combat
 - Level 2.4 Spellcasting
 - Level 1.0 Evocations


You couldn't memorise any spells.
You knew the following spells:

 Your Spells              Type           Power      Damage    Failure   Level
a - Magic Dart            Conj           36%        1d4       8%          1
b - Blink                 Tloc           N/A        N/A       12%         2
c - Call Imp              Summ           9%         N/A       12%         2
d - Slow                  Hex            9%         N/A       12%         2
e - Conjure Flame         Conj/Fire      9%         6-21      24%         3
f - Mephitic Cloud        Conj/Pois/Air  9%         N/A       24%         3
g - Ignite Poison         Fire/Tmut/Pois 9%         N/A       24%         3
h - Beastly Appendage     Tmut           18%        N/A       8%          1

Your spell library contained the following spells:

 Spells                   Type           Power      Damage    Failure   Level


Dungeon Overview and Level Annotations

Branches:
Dungeon (1/15)

Altars:


Innate Abilities, Weirdness & Mutations

You have temporarily grown beastly horns.
You are flying.
You are immune to sickness and miasma.
You are immune to poison.
Your flesh is very heat resistant. (rF++)
You are vulnerable to cold. (rC-)
You float through the air rather than walking.
You learn spells naturally, not from books.
Your magical power is your life essence.
You have superior vitality. (+4 HP)


Message History

Unknown command.
You aren't carrying any scrolls.
Unknown command.
The jackal bites you but does no damage.
You aren't carrying any scrolls.
Unknown command.
You aren't carrying any items that you can evoke without wielding.
Unknown command.
You aren't carrying any potions.
Unknown command.
Casting: Beastly Appendage (safe; 8% risk of failure)
Confirm with . or Enter, or press ? or * to list all spells.
Okay, then.
The jackal bites you.
* * * LOW HITPOINT WARNING * * *
Unknown command.
There is an open door here.
The jackal bites you.
* * * LOW HITPOINT WARNING * * *
Your transformation is almost over.
You reach down and open the door.
The jackal bites you.
* * * LOW HITPOINT WARNING * * *
The jackal closely misses you.
There is an open door here.
You completely miss the jackal. The jackal barely misses you.
Unknown command.
You closely miss the jackal. The jackal misses you.
Unknown command.
Casting: Beastly Appendage (safe; 8% risk of failure)
Confirm with . or Enter, or press ? or * to list all spells.
Aiming: Magic Dart (safe; 8% risk of failure)
Press: ? - help, Shift-Dir - straight line, f/p - jackal
Aim: a jackal (100% to hit)
You miscast Magic Dart.
You are very lightly contaminated with residual magic.
Nothing appears to happen.
* * * LOW HITPOINT WARNING * * *
The jackal bites you but does no damage.
The jackal bites you.
You die...

#######.# #.......####
######### #.#######...
#.......#########.#######.##
+.......'...................
#.......###.#.###.#######.##
#.......# #.#..##.# #.#
#.......# #.##.##.# #.#
#.......# #@##..#.#######.##
#.......# #h###.#......†....
#.......###h###.#########...
#######...hh..#.# ####...
#....J..#.## #......
#....g..#..#####...###
#####'###............# #K#
#............# #.#
#............#


You could see an endoplasm, 4 jackals, a goblin and a kobold.

Vanquished Creatures
  A ball python (D:1)
  A hobgoblin (D:1)
  A bat (D:1)
  A frilled lizard (D:1)
4 creatures vanquished.

Notes
Turn   | Place    | Note
-------+----------+-------------------------------------------
     0 | D:1      | dickylongcocking the Djinni Wanderer began the quest for
                  | the Orb.
     0 | D:1      | Reached XP level 1. HP: 18/18 MP: 0/0
   535 | D:1      | Slain by a jackal

Illustrated notes

Levels and vault maps discovered:
D:1:      scummos_arrival_forest, layout_basic, kennysheep_flooded_box,
          bh_walls_and_bars

Action                   || total
-------------------------++-------
Melee: Dagger            ||    10
       Headbutt          ||     1
 Cast: Magic Dart        ||    12
       Beastly Appendage ||     2
Armor: Robe              ||     5
Dodge: Dodged            ||     8

Table legend: (Time is in decaauts)
 A = Elapsed time spent in this place.
 B = Non-inter-level travel time spent in this place.
 C = Inter-level travel time spent in this place.
 D = Time resting spent in this place.
 E = Time spent auto-exploring this place.
 F = Levels seen in this place.
 G = Mean time per level.
                   A        B        C        D        E       F      G
               +--------+--------+--------+--------+--------+-----+--------+
         Total |    535 |    535 |      0 |      0 |    477 |   1 |  535.0 |
       Dungeon |    535 |    535 |      0 |      0 |    477 |   1 |  535.0 |
               +--------+--------+--------+--------+--------+-----+--------+

Top non-repeatable levels by time:
     D:1: 535 daAuts
